 Dungeon Crawl Stone Soup version 0.27-b1-41-gafb5482f4b (webtiles) character file.

Game seed: 15574386050794806453

171367 Strat the Phalangite (level 17, -2/148 HPs)
             Began as a Minotaur Arcane Marksman on July 28, 2021.
             Was the Champion of Fedhas.
             Slain by a salamander (21 damage)
             ... on level 2 of the Snake Pit.
             The game lasted 00:51:15 (23582 turns).

Strat the Phalangite (Minotaur Arcane Marksman)    Turns: 23582, Time: 00:51:15

Health: -2/148     AC: 21    Str: 21    XL:     17   Next: 39%
Magic:  18/18      EV: 16    Int: 10    God:    Fedhas [******]
Gold:   2335       SH:  0    Dex: 19    Spells: 17/18 levels left

rFire    . . .     SeeInvis .   a - +2 longbow (freeze)
rCold    . . .     Faith    .   (shield currently unavailable)
rNeg     . . .     Spirit   .   J - +7 ring mail of Zapempuu {Regen+ MP-9 Stlth+}
rPois    +         Reflect  .   (helmet restricted)
rElec    .         Harm     .   z - +2 cloak {Stlth+}
rCorr    .         Rampage  .   x - +0 pair of gloves of Viny the Good {+Blink Dex+7}
Will     +....                  Y - +1 pair of boots
Stlth    +++.......             U - amulet of regeneration
HPRegen  2.34/turn              N - ring of poison resistance
MPRegen  0.16/turn              B - +4 ring of evasion

@: no status effects
A: horns 2, retaliatory headbutt
a: Renounce Religion, Evoke Blink, Wall of Briars, Grow Ballistomycete,
Overgrow, Grow Oklob


You were on level 2 of the Snake Pit.
You worshipped Fedhas.
Fedhas was exalted by your worship.
You visited 5 branches of the dungeon, and saw 26 of its levels.
You also visited: Bailey.

You collected 3108 gold pieces.
You spent 773 gold pieces at shops.

Inventory:

Hand Weapons
 a - a +2 longbow of freezing (weapon)
 b - the +11 bardiche of Tenacity {chaos, Dex+6}
   (You acquired it on level 8 of the Dungeon)

   Each time it hits an enemy it has a different, random effect.
   Dex:       It affects your dexterity (+6).
Missiles
 c - 453 arrows (quivered ammo)
 d - 3 atropa-tipped darts
 i - 575 stones
 F - 6 curare-tipped darts
 G - a throwing net
Armour
 x - the +0 pair of gloves of Viny the Good (worn) {+Blink Dex+7}
   (You found it on level 5 of the Dungeon)

   Dex:       It affects your dexterity (+7).
   +Blink:    It lets you blink.
 z - a +2 cloak of stealth (worn)
 J - the +7 ring mail of Zapempuu (worn) {Regen+ MP-9 Stlth+}
   (You found it on level 8 of the Dungeon)

   MP:        It affects your magic capacity (-9).
   Regen:     It increases your rate of health regeneration.
   Stlth:     It makes you more stealthy.
 Y - a +1 pair of boots (worn)
Jewellery
 e - a +4 ring of protection
 h - a ring of protection from fire
 t - an amulet of reflection
 A - a +4 ring of slaying
 B - a +4 ring of evasion (right hand)
 K - a ring of protection from cold
 N - a ring of poison resistance (left hand)
 U - an amulet of regeneration (around neck)
 Z - a +4 ring of protection
Wands
 r - a wand of paralysis (3)
 v - a wand of flame (66)
 y - a wand of iceblast (18)
 D - a wand of digging (16)
 E - a wand of acid (14)
 V - a wand of polymorph (21)
 W - a wand of charming (7)
Scrolls
 j - 3 scrolls of magic mapping
 o - 2 scrolls of fear
 M - 8 scrolls of teleportation
 T - 2 scrolls of fog
Potions
 f - 2 potions of berserk rage
 g - 4 potions of resistance
 k - 3 potions of mutation
 l - 3 potions of lignification
 p - 4 potions of attraction
 q - 4 potions of cancellation
 u - 3 potions of invisibility
 C - 8 potions of magic
 H - 4 potions of degeneration
 I - 7 potions of brilliance
 L - a potion of haste
 O - 2 potions of curing
 P - 5 potions of might
 Q - 3 potions of flight
 X - a potion of ambrosia
Miscellaneous
 w - a condenser vane
 S - a phial of floods


   Skills:
 + Level 12.7 Fighting
 + Level 21.6 Polearms
 + Level 12.1 Bows
 - Level 10.0 Armour
 - Level 2.1 Dodging
 - Level 1.0 Spellcasting
 - Level 2.0 Hexes
 - Level 15.0 Invocations


You had 17 spell levels left.
You knew the following spells:

 Your Spells              Type           Power      Damage    Failure   Level
a - Corona                Hex            4%         N/A       22%         1

Your spell library contained the following spells:

 Spells                   Type           Power      Damage    Failure   Level
 Slow                     Hex            4%         N/A       32%         2
 Animate Skeleton         Necr           0%         N/A       45%         1
 Apportation              Tloc           0%         N/A       45%         1
 Magic Dart               Conj           0%         1d3       45%         1
 Pain                     Necr           0%         1d4       45%         1
 Summon Small Mammal      Summ           0%         N/A       45%         1
 Corpse Rot               Necr/Air       N/A        N/A       58%         2
 Poisonous Vapours        Pois/Air       0%         N/A       58%         2
 Searing Ray              Conj           0%         3d3       58%         2
 Dazzling Flash           Conj/Hex       4%         N/A       69%         3
 Inner Flame              Hex/Fire       2%         N/A       69%         3
 Portal Projectile        Hex/Tloc       4%         N/A       69%         3
 Summon Guardian Golem    Hex/Summ       2%         N/A       69%         3
 Call Canine Familiar     Summ           0%         N/A       83%         3
 Ignite Poison            Fire/Tmut/Pois 0%         N/A       83%         3
 Mephitic Cloud           Conj/Pois/Air  0%         N/A       83%         3
 Cause Fear               Hex            2%         N/A       91%         4
 Fulminant Prism          Conj/Hex       1%         3d6       97%         4
 Animate Dead             Necr           0%         N/A       99%         4
 Agony                    Necr           0%         N/A       100%        5
 Bolt of Magma            Conj/Fire/Erth 0%         4d4       100%        5
 Excruciating Wounds      Necr           0%         N/A       100%        5
 Freezing Cloud           Conj/Ice/Air   0%         6-21      100%        5
 Silence                  Hex/Air        1%         N/A       100%        5
 Haunt                    Necr/Summ      0%         N/A       100%        7
 Discord                  Hex            2%         N/A       100%        8
 Infestation              Necr           0%         N/A       100%        8
 Chain Lightning          Conj/Air       0%         N/A       100%        9
 Fire Storm               Conj/Fire      0%         5d1       100%        9


Dungeon Overview and Level Annotations

Branches:
Dungeon (15/15)            Temple (1/1) D:6            Lair (6/6) D:8
 Shoals (0/4) Lair:4        Snake (2/4) Lair:2        Slime (0/5) Lair:6
    Orc (2/2) D:11            Elf (0/3) Orc:2        Vaults (0/5) D:13
 Depths (0/5) D:15         Bailey (visited)

Altars:
Ashenzari
Cheibriados
Dithmenos
Elyvilon
Fedhas
Gozag
Hepliaklqana
Kikubaaqudgha
Makhleb
Nemelex Xobeh
Okawaru
Qazlal
Ru
Sif Muna
Trog
Uskayaw
Vehumet
Wu Jian
Xom
Yredelemnul
Zin
The Shining One
Beogh
Jiyva

Shops:
D:1 :   D:13 (**:?   D:14 :   Orc:2 ((?=

Portals:
Abyss: D:7

Annotations:
D:5 2 transporters, pikapanic's ghost, novice HOFi
D:7 2 transporters, JBAR's ghost, novice GnFi
Lair:6 1 runed translucent door


Innate Abilities, Weirdness & Mutations

You have a pair of horns on your head.
You reflexively headbutt those who attack you in melee.


Message History

* * * LOW HITPOINT WARNING * * *
Your +2 longbow of freezing is covered in frost.
a - a +2 longbow of freezing (weapon)
The salamander closely misses you.
The naga sharpshooter shoots an arrow.
The arrow hits you!
* * * LOW HITPOINT WARNING * * *
Fire: 454 arrows
Press: ? - help, Q - select action, (/) - cycle Shift-Dir - straight line, f - salamander
Aim: a salamander, wielding a +4 halberd (almost dead, fast, 80% to hit)
You shoot an arrow. The arrow hits the salamander.
The arrow freezes the salamander.
The salamander is almost dead.
The salamander hits you but does no damage.
The naga sharpshooter spits poison at you.
The splash of poison misses you. The salamander closely misses you.
The naga sharpshooter mumbles some strange words.
The naga sharpshooter magically shoots an arrow.
The arrow closely misses you.
The salamander hits you from afar with a +4 halberd!
* * * LOW HITPOINT WARNING * * *
You are engulfed in flames!
* * * LOW HITPOINT WARNING * * *
You feel much better. The salamander misses you.
A black mamba comes into view.
The salamander hits you from afar with a +4 halberd.
* * * LOW HITPOINT WARNING * * *
You are engulfed in flames!
* * * LOW HITPOINT WARNING * * *
The salamander hits you from afar with a +4 halberd!
* * * LOW HITPOINT WARNING * * *
You are engulfed in flames!
* * * LOW HITPOINT WARNING * * *
The salamander hits you from afar with a +4 halberd.
* * * LOW HITPOINT WARNING * * *
You are engulfed in flames!
* * * LOW HITPOINT WARNING * * *
You feel better. The salamander completely misses you.
The salamander hits you from afar with a +4 halberd!!
You die...
Fedhas appreciates your contribution to the ecosystem.

......####....## ..# #
.....####...).########### #..##
.....# #.......#.......†### #.?.
##..####.......>...###<.).### #.
#..# #............######...### #
#.####.............#######.†.###
#..# #.......#.........######..#
#..# #......###..........##
##.## #.#
##.....####.@#..####..## #..#
#.#
#......###..###.###....####.#
..#
#......##..N###...#..#..###.#
..#
#.###..##.......#..####.#...#
..# #.#
#.###.###.#####.###.....#
..###.# #.# #.# #.###
#.........# ......# #.#
#.###...###.........# ......#
#.# #...).#..#..##.......
...........
#....(...............


You could see a salamander (fast).

Vanquished Creatures
  Jorgrun (Orc:1)
  Frances (D:13)
  Kirke (D:13)
  2 nagarajas
  A fire dragon (D:15)
  Fannar (Orc:1)
  A hydra (D:15)
  An ice dragon (D:15)
  Erolcha (D:9)
  3 ogre magi (Orc:2)
  5 boulder beetles
  2 salamander tyrants
  A naga warrior (Snake:2)
  7 two-headed ogres
  5 catoblepae (Lair:6)
  5 centaur warriors
  13 death yaks
  A naga sharpshooter (Snake:2)
  A tengu warrior (D:15)
  2 shock serpents
  Sonja (D:13)
  4 skeletal warriors (D:14)
  An iron troll (D:13)
  A salamander mystic (Snake:2)
  A sea snake (Snake:1)
  2 naga ritualists
  A lindwurm (D:13)
  An orc knight (Orc:1)
  2 mana vipers (Snake:2)
  6 deep elf pyromancers
  5 deep elf zephyrmancers (Orc:1)
  8 orc sorcerers
  12 ugly things
  4 manticores
  4 cyclopes
  4 salamanders (Snake:2)
  9 elephants
  4 guardian serpents (Snake:1)
  2 torpor snails
  Joseph (D:9)
  20 black mambas
  A naga mage (Snake:2)
  A guardian serpent (shapeshifter) (D:14)
  15 cane toads
  A gargoyle (D:13)
  A rime drake (Lair:6)
  3 kobold demonologists (D:12)
  17 komodo dragons
  2 tengu conjurers (D:15)
  3 efreet
  A queen bee (Orc:2)
  4 trolls
  2 hornets (D:10)
  A polar bear (Lair:3)
  A queen bee (shapeshifter) (D:13)
  4 dream sheep (Lair:3)
  Prince Ribbit (D:6)
  16 slime creatures
  2 raiju (shapeshifter) (D:15)
  23 blink frogs
  A meliai zombie (D:11)
  A raiju (D:12)
  4 wyverns
  87 yaks
  A vampire (D:10)
  2 wraiths
  3 hogs (D:13)
  6 basilisks
  A steam dragon (D:4)
  3 wargs
  7 nagas
  20 water moccasins
  An acid dragon (D:10)
  4 black bears
  A swamp drake (Lair:5)
  16 orc warriors
  2 necrophages
  8 ogres
  6 wolves
  13 centaurs
  2 phantoms
  4 kobold brigands
  A gnoll sergeant (D:10)
  21 bullfrogs
  3 scorpions
  A water moccasin zombie (D:7)
  A water moccasin skeleton (D:6)
  14 killer bees
  An electric eel (Lair:5)
  7 howler monkeys
  6 wights
  A bullfrog zombie (D:6)
  5 centaur zombies
  A gnoll shaman (D:6)
  19 orc priests
  3 jellies
  18 iguanas
  A centaur skeleton (D:7)
  40 orc wizards
  2 killer bee zombies (D:8)
  27 gnolls
  5 adders
  A white imp (D:7)
  An ufetubus (D:5)
  An adder skeleton (D:5)
  A worm (D:2)
  4 dart slugs
  63 orcs
  5 bats
  7 endoplasms
  2 giant cockroaches
  17 goblins
  17 hobgoblins
  12 jackals
  25 kobolds
  A quokka (D:1)
  9 ball pythons
  21 frilled lizards
  8 rats
812 creatures vanquished.

Vanquished Creatures (collateral kills)
  An orc warrior (Orc:1)
  An orc (Orc:1)
2 creatures vanquished.

Vanquished Creatures (others)
  A blink frog (Lair:4)
  95 fungi
  111 plants
207 creatures vanquished.

Grand Total: 1021 creatures vanquished

Notes
Turn   | Place    | Note
-------+----------+-------------------------------------------
     0 | D:1      | Strat the Minotaur Arcane Marksman began the quest for the
                  | Orb.
     0 | D:1      | Reached XP level 1. HP: 16/16 MP: 1/1
   144 | D:1      | Found Beohinajo's Book Boutique.
   160 | D:1      | Reached XP level 2. HP: 24/24 MP: 2/2
   718 | D:1      | Reached XP level 3. HP: 28/30 MP: 3/3
  1347 | D:2      | Reached XP level 4. HP: 36/38 MP: 4/4
  1587 | D:2      | Found a faded altar of an unknown god.
  2733 | D:3      | You are sucked into a shaft and drop 1 floor!
  3047 | D:4      | Noticed a scorpion
  3059 | D:4      | Killed a scorpion
  3060 | D:4      | Reached XP level 5. HP: 13/47 MP: 5/5
  3068 | D:4      | HP: 2/47 [poisoned by a scorpion]
  3656 | D:4      | Identified the +7 dagger of Circularity {pain, +Rage rPois
                  | SInv}
  3697 | D:4      | Noticed a necrophage
  3708 | D:4      | Killed a necrophage
  3709 | D:4      | Reached skill level 5 in Fighting
  3709 | D:4      | Reached skill level 5 in Bows
  3709 | D:4      | Reached XP level 6. HP: 52/56 MP: 6/6
  4155 | D:4      | Noticed a steam dragon
  4165 | D:4      | Killed a steam dragon
  4174 | D:4      | Reached XP level 7. HP: 34/63 MP: 7/7
  4688 | D:5      | Entered Level 5 of the Dungeon
  5244 | D:5      | Identified the +0 pair of gloves of Viny the Good {+Blink
                  | Dex+7}
  5257 | D:5      | Reached skill level 1 in Polearms
  5257 | D:5      | Reached skill level 1 in Armour
  5375 | D:5      | Found a transporter.
  5383 | D:5      | Noticed pikapanic's ghost (novice HOFi)
  5417 | D:5      | Found a transporter.
  5579 | D:5      | Found a hazy altar of Hepliaklqana.
  5579 | D:5      | Found a snail-covered altar of Cheibriados.
  5749 | D:6      | Reached skill level 2 in Polearms
  5777 | D:6      | Reached skill level 3 in Polearms
  5862 | D:6      | Reached XP level 8. HP: 73/73 MP: 8/8
  6047 | D:6      | Reached skill level 4 in Polearms
  6205 | D:6      | Found a staircase to the Ecumenical Temple.
  6210 | Temple   | Entered the Ecumenical Temple
  6308 | Temple   | Became a worshipper of Fedhas Madash
  6385 | D:6      | Found a large runed translucent door.
  6386 | D:6      | Found a large runed translucent door.
  6411 | D:6      | Reached skill level 5 in Polearms
  6533 | D:6      | Noticed Prince Ribbit
  6541 | D:6      | Killed Prince Ribbit
  6542 | D:6      | Reached skill level 6 in Polearms
  6763 | D:6      | Reached skill level 7 in Polearms
  6959 | D:6      | Found a bloodstained altar of Trog.
  6975 | D:6      | Found a hide-covered altar of Uskayaw.
  7137 | D:7      | Found a transporter.
  7188 | D:7      | Reached skill level 8 in Polearms
  7231 | D:7      | Reached * piety under Fedhas
  7251 | D:7      | Reached XP level 9. HP: 69/79 MP: 9/9
  7565 | D:7      | Reached skill level 9 in Polearms
  7752 | D:7      | Found a one-way gate to the infinite horrors of the Abyss.
  7752 | D:7      | Noticed JBAR's ghost (novice GnFi)
  7777 | D:7      | Found a transporter.
  7921 | D:8      | Identified a scroll of acquirement
  7921 | D:8      | Acquired the +11 bardiche of Tenacity {chaos, Dex+6}
  8111 | D:8      | Reached skill level 10 in Polearms
  8113 | D:8      | Reached ** piety under Fedhas
  8147 | D:8      | Found a staircase to the Lair.
  8168 | D:8      | Reached skill level 10 in Fighting
  8169 | D:8      | Reached skill level 1 in Invocations
  8340 | D:8      | Identified the +7 ring mail of Zapempuu {Regen+ MP-9
                  | Stlth+}
  8514 | D:8      | Reached XP level 10. HP: 93/93 MP: 2/11
  8579 | Lair:1   | Entered Level 1 of the Lair of Beasts
  9119 | Lair:1   | You fall into a shaft and drop 1 floor!
  9211 | Lair:2   | Noticed a cane toad
  9217 | Lair:2   | Killed a cane toad
  9218 | Lair:2   | Reached skill level 11 in Polearms
  9253 | Lair:2   | Noticed a black mamba
  9254 | Lair:2   | Noticed a death yak
  9254 | Lair:2   | Noticed an elephant
  9261 | Lair:2   | Killed a black mamba
  9269 | Lair:2   | Reached skill level 5 in Invocations
  9279 | Lair:2   | Killed an elephant
  9369 | Lair:2   | Killed a death yak
  9370 | Lair:2   | Reached skill level 12 in Polearms
  9423 | Lair:2   | Noticed a cane toad
  9431 | Lair:2   | Killed a cane toad
  9439 | Lair:2   | Reached XP level 11. HP: 87/99 MP: 4/15
  9490 | Lair:2   | Noticed a boulder beetle
  9496 | Lair:2   | Killed a boulder beetle
  9497 | Lair:2   | Reached skill level 13 in Polearms
  9522 | Lair:2   | Reached *** piety under Fedhas
  9864 | Lair:2   | Found a staircase to the Snake Pit.
  9879 | Lair:2   | Identified the +3 leather armour "Zuzunicai" {rF+ Str+2
                  | Dex+3}
 10338 | Lair:3   | Reached skill level 14 in Polearms
 10578 | Lair:3   | Reached skill level 10 in Invocations
 10664 | Lair:3   | Reached XP level 12. HP: 86/106 MP: 7/18
 10879 | Lair:3   | Reached **** piety under Fedhas
 10893 | Lair:3   | Reached skill level 15 in Polearms
 11146 | Lair:4   | Reached skill level 16 in Polearms
 11403 | Lair:4   | Found a staircase to the Shoals.
 11420 | Lair:4   | Reached skill level 17 in Polearms
 11560 | Lair:4   | Found an ancient bone altar of Kikubaaqudgha.
 11610 | Lair:4   | Reached ***** piety under Fedhas
 12015 | Lair:5   | Reached skill level 18 in Polearms
 12334 | Lair:5   | Reached XP level 13. HP: 85/113 MP: 6/19
 12727 | Lair:6   | Entered Level 6 of the Lair of Beasts
 12729 | Lair:6   | Found a runed translucent door.
 12821 | Lair:6   | Found a viscous altar of Jiyva.
 12841 | Lair:6   | Reached skill level 19 in Polearms
 12842 | Lair:6   | Found a staircase to the Slime Pits.
 13008 | Lair:6   | Reached ****** piety under Fedhas
 13070 | Lair:6   | Reached skill level 20 in Polearms
 13557 | Lair:6   | Reached skill level 5 in Armour
 13846 | Lair:6   | Reached XP level 14. HP: 121/121 MP: 10/21
 14108 | Lair:6   | Upgraded the game from 0.27-b1-23-g44b8eac545 to
                  | 0.27-b1-41-gafb5482f4b
 14443 | D:9      | Noticed Joseph
 14510 | D:9      | Killed Joseph
 14701 | D:9      | Noticed Erolcha
 14716 | D:9      | Killed Erolcha
 15103 | D:10     | Entered Level 10 of the Dungeon
 15319 | D:10     | Paralysed by a hornet for 2 turns
 16023 | D:11     | Found a staircase to the Orcish Mines.
 16500 | D:11     | Reached skill level 10 in Armour
 16742 | Orc:1    | Entered Level 1 of the Orcish Mines
 16820 | Orc:1    | Noticed Jorgrun
 16831 | Orc:1    | Killed Jorgrun
 16920 | Orc:1    | Noticed Fannar
 17051 | Orc:1    | Killed Fannar
 17120 | Orc:1    | Noticed Urug
 17130 | Orc:1    | Noticed Urug
 17130 | Orc:1    | Urug changed into Urug the manticore
 17138 | Orc:1    | Killed Urug the manticore
 17563 | Orc:2    | Entered Level 2 of the Orcish Mines
 17613 | Orc:2    | Found a staircase to the Elven Halls.
 17899 | Orc:2    | Paralysed by an orc sorcerer for 4 turns
 17908 | Orc:2    | Reached XP level 15. HP: 103/125 MP: 9/23
 17980 | Orc:2    | Found Piecryij's Jewellery Boutique.
 18048 | Orc:2    | Found a radiant altar of Vehumet.
 18068 | Orc:2    | Paralysed by something for 2 turns
 18176 | Orc:2    | Found an ancient bone altar of Kikubaaqudgha.
 18225 | Orc:2    | Found Orecyl Ahoi's Magic Scroll Boutique.
 18225 | Orc:2    | Found Lullaq's Antique Weapon Shop.
 18265 | Orc:2    | Found Epuwk's Antique Weapon Shop.
 18689 | D:12     | Found a flagged portal.
 18751 | Bailey   | Entered a bailey
 19261 | D:12     | Reached skill level 10 in Bows
 19512 | D:13     | Noticed Kirke
 19525 | D:13     | Found Zaicwy's Antique Weapon Boutique.
 19576 | D:13     | Killed Kirke
 19601 | D:13     | Found Jenloic's General Store.
 19680 | D:13     | Noticed Sonja
 19682 | D:13     | Killed Sonja
 19790 | D:13     | Found Xacumaoh's General Store.
 19905 | D:13     | Found a gate to the Vaults.
 20043 | D:13     | Noticed Frances
 20057 | D:13     | Killed Frances
 20072 | D:13     | Found Migos's Magic Scroll Shop.
 20076 | D:13     | Bought a scroll of enchant armour for 97 gold pieces
 20076 | D:13     | Bought a scroll of acquirement for 676 gold pieces
 20076 | D:13     | Acquired 953 gold pieces
 20083 | D:13     | Found Pafotim's Book Shoppe.
 20316 | D:14     | Reached skill level 15 in Invocations
 20972 | D:14     | Found Tufym's Book Emporium.
 21140 | D:15     | Entered Level 15 of the Dungeon
 21219 | D:15     | Reached skill level 21 in Polearms
 21337 | D:15     | Reached XP level 16. HP: 138/138 MP: 17/26
 21497 | D:15     | Reached XP level 17. HP: 144/144 MP: 18/27
 21505 | D:15     | Found a blossoming altar of Fedhas.
 21610 | D:15     | Found a staircase to the Depths.
 21925 | Snake:1  | Entered Level 1 of the Snake Pit
 22487 | Snake:1  | Found a runed translucent door.
 23582 | Snake:2  | Slain by a salamander

Illustrated notes

Levels and vault maps discovered:
D:1:      lightli_arrival_windingriver, layout_basic, serial_shops,
          nicolae_diamond_shop
D:2:      kennysheep_the_goblin_king, layout_loops_corners,
          ebering_ecumenical_altar_webs, roderic_serpentine_path,
          kennysheep_generic_room_9
D:3:      layout_basic
D:4:      layout_basic, grunt_ministairs_12
D:5:      layout_loops_cross, gammafunk_temple_overflow_statue,
          gammafunk_ghost_arena
D:6:      layout_loops_corners, jmf_multi_god_temple2, temple_doors_cd,
          uniq_prince_ribbit1
D:7:      layout_loops_ring, gammafunk_ghost_abyssal_escape
D:8:      layout_cave_pools, due_lair_maze_entry_diamond, grunt_decor_resistance
D:9:      layout_small_grid, uniq_joseph, uniq_erolcha
D:10:     layout_basic, st_stairs_3
D:11:     layout_loops_ring, erik_orc_4
D:12:     layout_loops_ring, enter_bailey_3, chequers_jeans
D:13:     layout_loops_ring, david_vaults_4, serial_shops, shop,
          nicolae_shop_window_shopping, shop, kennysheep_mini_moat,
          nicolae_diamond_shop, uniq_frances, uniq_kirke, uniq_sonja
D:14:     layout_roguey, hangedman_abyss_or_decor_lesser_grid, serial_shops,
          kennysheep_little_box
D:15:     grunt_enter_depths_hoard, layout_basic, fedhas_altar_3
Temple:   hc_temple_tempest_star
Lair:1:   layout_cave_shapes, grunt_megastairs_5, serial_bayou_shore_a,
          lemuel_fruit_fields
Lair:2:   nzn_winding_woodlands_cross [nzn_winding_woodlands_5x15_concentric,
          nzn_winding_woodlands_5x15_zeroes, nzn_winding_woodlands_5x15_twine,
          nzn_winding_woodlands_5x15_eye, nzn_winding_woodlands_15x15_killbox],
          layout_cellular_growth, guppyfry_snake_entry_island
Lair:3:   layout_loops_ring
Lair:4:   layout_layer_cave, minmay_shoals_entry_centaurs, lemuel_oklob_altar,
          grunt_megastairs_2, infiniplex_staircase_pool_2
Lair:5:   lemuel_reptile_caves, layout_misc_corridors, serial_bayou_lake_a
Lair:6:   evilmike_catoblepas_cave, layout_misc_corridors, slime_altar_2,
          st_stairs_5
Snake:1:  nicolae_snake_unarmed_stairs_patrol, layout_grid_maze, lightli_airlock
Snake:2:  layout_onion, nicolae_snake_gridmaze_entwining
Orc:1:    layout_caves, elves_outpost_lemuel, uniq_urug, uniq_jorgrun,
          uniq_fannar
Orc:2:    kennysheep_orc_mage_school, layout_caves

Skill      XL: |  1  2  3  4  5  6  7  8  9 10 11 12 13 14 15 16 17 |
---------------+----------------------------------------------------+-----
Fighting       | 2 3 4 5 6 7 10 11 12 | 12.7
Bows           | 3 4 5 6 8 10 11 12 | 12.1
Polearms       | 3 8 10 12 14 18 20 21 | 21.6
Armour         | 3 4 6 10 | 10.0
Invocations    | 2 7 10 13 15 | 15.0
Dodging        | |  2.1
Spellcasting   | |  1.0
Hexes          | |  2.0

Action                   |  1- 3 |  4- 6 |  7- 9 | 10-12 | 13-15 | 16-18 || total
-------------------------+-------+-------+-------+-------+-------+-------++-------
Melee: Dagger            |    63 |    30 |       |       |       |       ||    93
       Headbutt          |    11 |    26 |    33 |    52 |   212 |    33 ||   367
       Whip              |    19 |    98 |       |       |       |       ||   117
       Short sword       |       |    18 |    35 |       |       |       ||    53
       Trident           |       |       |   150 |       |       |       ||   150
       Bardiche          |       |       |    43 |   282 |   879 |   119 ||  1323
 Fire: Shortbow          |    30 |    14 |     2 |       |    12 |       ||    58
       Longbow           |       |       |       |       |    74 |    86 ||   160
Invok: Wall of Briars    |       |       |       |       |     1 |       ||     1
  Use: Scroll            |       |       |     7 |     8 |    13 |     7 ||    35
       Potion            |       |       |       |       |     2 |     8 ||    10
 Stab: Sleeping          |       |       |    10 |    17 |    25 |     4 ||    56
       Distracted        |       |       |     6 |     2 |     2 |       ||    10
       Confused          |       |       |       |       |     2 |       ||     2
       Paralysed         |       |       |       |       |     1 |       ||     1
Armor: Ring mail         |    34 |    49 |     3 |   119 |   295 |    72 ||   572
       Steam dragon scal |       |       |    70 |       |       |       ||    70
Dodge: Dodged            |    58 |    87 |   137 |   168 |   471 |   119 ||  1040
